AoeStats
← El pingüino

Arena

510418926Analyzed
3v3 RM · 23h ago on Sep 30, 2026· 29m 34s· 6 players
Game mode
Random Map
Map size
Normal (6 player)
Population
200
Speed
Normal
Resources
Standard
Victory
Conquest
Starting age
Dark Age
Ending age
Imperial Age
RankedLock teamsTeams togetherTeam positionsShared explorationLock speedFull tech treeHidden civsTurbo modeCheats
Victory
Defeat
🇦🇷 Wu · Argentina
1595
+9
🇦🇷 Persians · Argentina
1559
+10
🇦🇷 Vietnamese · Argentina
1471
+14
🇦🇷 Teutons · Argentina
1503
-13
🇦🇷 Turks · Argentina
1502
-13
🇦🇷 Byzantines · Argentina
1293
-7
El Guason
10:07 Feudal Age
13:52 Castle Age
12:51 Double-Bit Axe
12:51 Horse Collar
15:49 Bow Saw
19:52 Gold Mining
20:58 Scale Barding Armor
21:34 Forging
21:45 Bloodlines
22:29 Chain Barding Armor
25:35 Wheelbarrow
26:54 Iron Casting
26:32 Loom
26:33 Town Watch
30:51 Imperial Age
28:37 Hand Cart
Batman
11:04 Feudal Age
15:27 Castle Age
14:22 Double-Bit Axe
14:28 Gold Mining
14:21 Horse Collar
14:28 Loom
24:11 Imperial Age
24:31 Bow Saw
27:38 Wheelbarrow
El pingüino
8:36 Loom
12:18 Feudal Age
14:38 Wheelbarrow
16:32 Castle Age
15:28 Horse Collar
17:22 Double-Bit Axe
19:45 Elite Skirmisher
20:56 Fletching
TGT | diego22
10:50 Feudal Age
14:55 Castle Age
13:19 Fletching
13:16 Double-Bit Axe
13:13 Horse Collar
14:20 Loom
16:55 Bodkin Arrow
18:39 Town Watch
TGT | Sera
7:10 Loom
10:11 Feudal Age
14:11 Castle Age
14:09 Double-Bit Axe
14:27 Horse Collar
18:36 Fletching
20:13 Gold Mining
23:33 Bodkin Arrow
23:38 Padded Archer Armor
25:47 Bow Saw
Renzos
9:45 Feudal Age
13:16 Castle Age
11:45 Double-Bit Axe
11:40 Horse Collar
19:20 Wheelbarrow
20:40 Hand Cart
21:01 Gold Mining
21:02 Stone Mining
24:05 Gold Shaft Mining
24:06 Stone Shaft Mining
24:43 Bow Saw
24:34 Heavy Plow
27:44 Imperial Age
25:41 Scale Barding Armor
26:11 Husbandry
26:21 Bloodlines
26:58 Chain Barding Armor
26:49 Forging
28:37 Plate Barding Armor
27:27 Cavalier
29:51 Iron Casting
Connection lost

Rejoining the realm…

Still unreachable

The connection could not be restored.

Session expired

The server has moved on; the page needs a fresh start.